Toronto Maple Leafs vs Boston Bruins
Created - Sunday, May 21, 2023 at 07:00
Goals
|
| Toronto Maple Leafs |
0 |
1 |
2 |
0 |
1 |
4 |
| Boston Bruins |
0 |
2 |
1 |
0 |
0 |
3 |
|
Shots
|
| Toronto Maple Leafs |
15 |
18 |
12 |
0 |
3 |
45 |
| Boston Bruins |
12 |
12 |
10 |
0 |
3 |
34 |
|
1st period
No Goal
Penalties :
Sean Durzi (BOS) for Interference (Minor) at 8:05, Luke Schenn (TOR) for Slashing (Minor) at 11:01, Olivier Rodrigue (BOS) for Slashing (Minor) at 12:02 - Joel Farabee served the penalty, Colin Miller (TOR) for Hooking (Minor) at 16:18
2nd period
1. Boston Bruins , Victor Mete 1 (Ryan Donato 18, Brock McGinn 6) at 3:14
2. Boston Bruins , Joel Farabee 19 (Ryan Donato 19) at 6:08
3. Toronto Maple Leafs , Brady Tkachuk 39 (Jonas Siegenthaler 15) at 16:53
Penalties :
Brady Tkachuk (TOR) for Goalie Interference (Minor) at 3:32, Sean Durzi (BOS) for Hooking (Minor) at 6:30, Luke Schenn (TOR) for Charging (Minor) at 11:54
3rd period
4. Toronto Maple Leafs , Brady Tkachuk 40 (Josh Bailey 20) at 4:20
5. Boston Bruins , Brandon Hagel 8 (Vincent Trocheck 34, Phil Kessel 34) at 7:05
6. Toronto Maple Leafs , Troy Terry 16 (Jonas Siegenthaler 16, Adam Henrique 24) at 9:24
Penalties :
Ryan Donato (BOS) for Roughing (Minor) at 18:57
Overtime #1
No Goal
Penalties :
No Penalty
Shootout
Toronto Maple Leafs, Trevor Zegras - Goal!
Boston Bruins, Vincent Trocheck - Stopped by James Reimer
Toronto Maple Leafs, Andrew Mangiapane - Stopped by Olivier Rodrigue
Boston Bruins, Phil Kessel - Stopped by James Reimer
Toronto Maple Leafs, Nicolas Roy - Shot Misses the Net
Boston Bruins, Pavel Zacha - Stopped by James Reimer
Penalties :
No Penalty
Goalie Stats
James Reimer (TOR), 31 saves from 34 shots - (0.912), W, 14-5-2, 65:00 minutes
Olivier Rodrigue (BOS), 42 saves from 45 shots - (0.933), OTL, 2-7-3, 65:00 minutes
Players Stats for Toronto Maple Leafs
Player Name G A P +/- PIM S H SB GA TA FO MP PP MP PK MP
------------------------------------------------------------------------------------
Adam Henrique 0 1 1 -1 0 4 1 0 0 1 9/13 18:41 2:38 0:31
Andrew Mangiapane 0 0 0 -1 0 5 2 0 1 0 1/2 22:09 2:29 4:41
Brady Tkachuk 2 0 2 2 2 3 2 0 0 0 2/2 20:58 3:23 0:00
Cody Ceci 0 0 0 -3 0 3 0 2 0 0 0/0 26:17 2:30 5:00
Colin Miller 0 0 0 -3 2 2 0 1 0 1 0/0 15:05 0:00 0:00
Craig Smith 0 0 0 -1 0 3 0 0 0 0 0/0 8:19 0:00 0:00
Dougie Hamilton 0 0 0 0 0 0 4 1 0 2 0/0 28:15 3:42 1:58
Jonas Siegenthaler 0 2 2 3 0 2 3 0 0 0 0/0 21:14 3:31 1:58
Josh Bailey 0 1 1 2 0 1 0 0 0 0 1/3 15:54 0:00 0:00
Kyle Okposo 0 0 0 -1 0 5 1 0 0 0 0/0 13:29 0:09 0:31
Luke Schenn 0 0 0 3 4 0 3 0 0 1 0/0 13:18 0:19 0:00
Mario Ferraro 0 0 0 0 0 3 1 0 0 0 0/0 27:06 2:19 5:00
Nicolas Roy 0 0 0 -1 0 1 0 0 1 0 3/4 10:31 0:00 1:46
Pierre Engvall 0 0 0 -1 0 1 3 0 0 0 1/1 9:53 0:00 1:46
Sam Bennett 0 0 0 2 0 2 3 0 3 0 11/24 20:36 3:23 0:00
Scott Laughton 0 0 0 0 0 3 0 0 0 0 11/15 14:30 0:00 4:41
Trevor Zegras 0 0 0 0 0 3 0 1 0 2 1/1 12:28 2:19 0:00
Troy Terry 1 0 1 0 0 4 2 0 0 0 1/2 13:17 3:23 0:00
Players Stats for Boston Bruins
Player Name G A P +/- PIM S H SB GA TA FO MP PP MP PK MP
------------------------------------------------------------------------------------
Anthony Beauvillier 0 0 0 1 0 0 1 1 0 0 1/2 14:08 0:00 0:34
Brandon Hagel 1 0 1 1 0 2 1 0 0 0 0/0 12:53 0:00 0:00
Brock McGinn 0 1 1 1 0 2 1 0 0 0 0/0 10:56 0:00 0:00
Charlie McAvoy 0 0 0 0 0 3 1 4 1 0 0/0 25:29 3:22 3:15
Danton Heinen 0 0 0 -2 0 2 0 1 0 0 0/0 8:27 0:00 0:00
Joel Farabee 1 0 1 1 0 6 3 1 1 2 0/1 21:21 3:30 2:30
Joonas Donskoi 0 0 0 1 0 2 0 0 0 0 1/1 14:26 3:30 0:00
Mason Appleton 0 0 0 -2 0 0 0 0 0 1 0/0 9:30 0:00 0:04
Matt Grzelcyk 0 0 0 1 0 0 0 1 0 0 0/0 13:40 0:00 0:00
Morgan Geekie 0 0 0 -2 0 1 1 0 0 0 1/2 8:27 0:00 0:00
Pavel Zacha 0 0 0 0 0 2 3 1 1 0 5/16 22:31 3:28 3:01
Phil Kessel 0 1 1 0 0 6 0 0 0 1 1/4 21:34 3:28 3:18
Ryan Donato 0 2 2 1 2 1 1 0 1 0 2/14 15:04 3:30 0:07
Samuel Girard 0 0 0 0 0 0 2 3 1 0 0/0 25:29 3:22 3:15
Sean Durzi 0 0 0 -1 4 1 2 5 0 1 0/0 24:44 3:36 1:34
Tyson Barrie 0 0 0 -1 0 1 1 1 1 0 0/0 25:51 3:36 3:43
Victor Mete 1 0 1 1 0 2 0 1 0 0 0/0 15:43 0:00 2:09
Vincent Trocheck 0 1 1 0 0 3 3 0 1 0 15/27 21:47 3:28 3:25
3 Stars
1 - Brady Tkachuk (TOR)
2 - Jonas Siegenthaler (TOR)
3 - Joel Farabee (BOS)
Power Play
Toronto Maple Leafs - 0 on 5 Attempt(s) - 0.00%
Boston Bruins - 0 on 3 Attempt(s) - 0.00%
Penalty Kill
Toronto Maple Leafs - 3 on 3 Attempt(s) - 100.00%
- Score 0 goal in Penalty Kill
Boston Bruins - 5 on 5 Attempt(s) - 100.00%
- Score 0 goal in Penalty Kill
Team Stat
Toronto Maple Leafs - Hits : 25 - Faceoff Wins : 41 - Blocked Shots : 5 - Penalty Minutes : 8
Boston Bruins - Hits : 20 - Faceoff Wins : 26 - Blocked Shots : 19 - Penalty Minutes : 8
Official
Referees : Tom Chmielewski and Ian Walsh
Linesman : Kiel Murchison and Derek Amell
Game Notes
4:29 of 3rd period - Penalty Shot by Charlie McAvoy for Boston Bruins - Stopped by James Reimer
Finance
Level 1 -- Attendance: 4225 (70.42%) -- Ticket Income $422,500
Level 2 -- Attendance: 3403 (68.06%) -- Ticket Income $204,180
Level 3 -- Attendance: 2211 (73.70%) -- Ticket Income $77,385
Level 4 -- Attendance: 3836 (76.72%) -- Ticket Income $95,900
Luxury Box -- Attendance: 714 (71.40%) -- Ticket Income $142,800
Game was played at the TD Garden.
Total Attendance: 14389 (71.95%)
Total Ticket Income: $942,765
Other Income: $329,968
Total Income: $1,272,733
Toronto Maple Leafs
5 vs 5 Forward
Center Left Wing Right Wing Time % Phy DF OF
1 Sam Bennett Brady Tkachuk Josh Bailey 40 1 2 2
2 Adam Henrique Andrew Mangiapane Kyle Okposo 30 1 2 2
3 Scott Laughton Trevor Zegras Troy Terry 20 1 2 2
4 Nicolas Roy Pierre Engvall Craig Smith 10 1 2 2
5 vs 5 Defense
Defense Defense Time % Phy DF OF
1 Dougie Hamilton Mario Ferraro 40 1 2 2
2 Colin Miller Cody Ceci 30 1 2 2
3 Luke Schenn Jonas Siegenthaler 20 1 2 2
4 Dougie Hamilton Cody Ceci 10 1 2 2
PowerPlay Forward
Center Left Wing Right Wing Time % Phy DF OF
1 Sam Bennett Brady Tkachuk Troy Terry 60 1 2 2
2 Adam Henrique Trevor Zegras Andrew Mangiapane 40 1 2 2
PowerPlay Defense
Defense Defense Time % Phy DF OF
1 Jonas Siegenthaler Dougie Hamilton 60 1 2 2
2 Cody Ceci Mario Ferraro 40 1 2 2
Penalty Kill 4 Players Forward
Center Wing Time % Phy DF OF
1 Scott Laughton Andrew Mangiapane 60 1 2 2
2 Nicolas Roy Pierre Engvall 40 1 2 2
Penalty Kill 4 Players Defense
Defense Defense Time % Phy DF OF
1 Mario Ferraro Cody Ceci 60 1 2 2
2 Dougie Hamilton Jonas Siegenthaler 40 1 2 2
Penalty Kill - 3 Players Forward
Forward Time % Phy DF OF
1 Scott Laughton 60 1 2 2
2 Nicolas Roy 40 1 2 2
Penalty Kill - 3 Players Defense
Defense Defense Time % Phy DF OF
1 Mario Ferraro Cody Ceci 60 1 2 2
2 Jonas Siegenthaler Dougie Hamilton 40 1 2 2
4 vs 4 Forward
Center Wing Time % Phy DF OF
1 Adam Henrique Andrew Mangiapane 60 1 2 2
2 Sam Bennett Brady Tkachuk 40 1 2 2
4 vs 4 Defense
Defense Defense Time % Phy DF OF
1 Dougie Hamilton Cody Ceci 60 1 2 2
2 Jonas Siegenthaler Mario Ferraro 40 1 2 2
Last Minutes Offensive
Center Left Wing Right Wing Defense Defense
Sam Bennett Brady Tkachuk Troy Terry Colin Miller Dougie Hamilton
Last Minutes Defensive
Center Left Wing Right Wing Defense Defense
Scott Laughton Andrew Mangiapane Kyle Okposo Mario Ferraro Cody Ceci
Goaltenders
Starting : James Reimer
Backup : Cam Talbot
Extra Forwards
Normal : Nicolas Roy, Craig Smith, Pierre Engvall - PP : Kyle Okposo, Josh Bailey - PK : Kyle Okposo
Extra Defensemen
Normal : Jonas Siegenthaler, Luke Schenn, Cody Ceci - PP : Jonas Siegenthaler - PK : Luke Schenn, Cody Ceci
Penalty Shots
Trevor Zegras, Andrew Mangiapane, Nicolas Roy, Kyle Okposo, Josh Bailey
Boston Bruins
5 vs 5 Forward
Center Left Wing Right Wing Time % Phy DF OF
1 Vincent Trocheck Phil Kessel Brandon Hagel 30 1 2 2
2 Pavel Zacha Joel Farabee Anthony Beauvillier 30 1 2 2
3 Ryan Donato Joonas Donskoi Brock McGinn 25 1 2 2
4 Morgan Geekie Danton Heinen Mason Appleton 15 1 2 2
5 vs 5 Defense
Defense Defense Time % Phy DF OF
1 Charlie McAvoy Samuel Girard 35 1 2 2
2 Tyson Barrie Sean Durzi 35 1 2 2
3 Matt Grzelcyk Victor Mete 30 1 2 2
4 Charlie McAvoy Samuel Girard 0 1 2 2
PowerPlay Forward
Center Left Wing Right Wing Time % Phy DF OF
1 Vincent Trocheck Pavel Zacha Phil Kessel 50 1 2 2
2 Ryan Donato Joel Farabee Joonas Donskoi 50 1 2 2
PowerPlay Defense
Defense Defense Time % Phy DF OF
1 Charlie McAvoy Samuel Girard 50 1 2 2
2 Tyson Barrie Sean Durzi 50 1 2 2
Penalty Kill 4 Players Forward
Center Wing Time % Phy DF OF
1 Vincent Trocheck Phil Kessel 50 1 2 2
2 Pavel Zacha Joel Farabee 50 1 2 2
Penalty Kill 4 Players Defense
Defense Defense Time % Phy DF OF
1 Charlie McAvoy Samuel Girard 50 1 2 2
2 Tyson Barrie Sean Durzi 50 1 2 2
Penalty Kill - 3 Players Forward
Forward Time % Phy DF OF
1 Vincent Trocheck 50 1 2 2
2 Phil Kessel 50 1 2 2
Penalty Kill - 3 Players Defense
Defense Defense Time % Phy DF OF
1 Charlie McAvoy Samuel Girard 50 1 2 2
2 Tyson Barrie Sean Durzi 50 1 2 2
4 vs 4 Forward
Center Wing Time % Phy DF OF
1 Vincent Trocheck Phil Kessel 50 1 2 2
2 Pavel Zacha Joel Farabee 50 1 2 2
4 vs 4 Defense
Defense Defense Time % Phy DF OF
1 Charlie McAvoy Samuel Girard 50 1 2 2
2 Tyson Barrie Sean Durzi 50 1 2 2
Last Minutes Offensive
Center Left Wing Right Wing Defense Defense
Vincent Trocheck Pavel Zacha Phil Kessel Charlie McAvoy Samuel Girard
Last Minutes Defensive
Center Left Wing Right Wing Defense Defense
Vincent Trocheck Pavel Zacha Phil Kessel Charlie McAvoy Samuel Girard
Goaltenders
Starting : Olivier Rodrigue
Backup : David Rittich
Extra Forwards
Normal : Mason Appleton, Brandon Hagel, Anthony Beauvillier - PP : Mason Appleton, Brandon Hagel - PK : Anthony Beauvillier
Extra Defensemen
Normal : Matt Grzelcyk, Victor Mete, Tyson Barrie - PP : Matt Grzelcyk - PK : Victor Mete, Tyson Barrie
Penalty Shots
Vincent Trocheck, Phil Kessel, Pavel Zacha, Joel Farabee, Brandon Hagel
% Time on Ice - Toronto Maple Leafs
Lines # - Real PCT - Wanted PCT - Time Play
Normal Forward
1 - 36% - 40% - 16:32
2 - 28% - 30% - 12:43
3 - 21% - 20% - 9:49
4 - 15% - 10% - 6:59
Normal Defense
1 - 39% - 40% - 18:02
2 - 35% - 30% - 16:15
3 - 24% - 20% - 11:08
4 - 1% - 10% - 0:38
PP Forward
1 - 61% - 60% - 3:42
2 - 39% - 40% - 2:19
PP Defense
1 - 68% - 60% - 4:07
2 - 32% - 40% - 1:54
PK Forward
1 - 75% - 60% - 5:12
2 - 25% - 40% - 1:46
PK Defense
1 - 72% - 60% - 5:00
2 - 28% - 40% - 1:58
PK3 Forward
1 - 0% - 60%
2 - 0% - 40%
PK3 Defense
1 - 0% - 60%
2 - 0% - 40%
44 Forward
1 - 85% - 60% - 5:03
2 - 15% - 40% - 0:55
44 Defense
1 - 67% - 60% - 4:00
2 - 33% - 40% - 1:58
Last Minute Offensive - 0:00
Last Minute Defensive - 0:00
Total
Forward - 65:00
Defense - 65:00
|
% Time on Ice - Boston Bruins
Lines # - Real PCT - Wanted PCT - Time Play
Normal Forward
1 - 28% - 30% - 12:58
2 - 30% - 30% - 13:42
3 - 24% - 25% - 10:56
4 - 18% - 15% - 8:27
Normal Defense
1 - 37% - 35% - 16:56
2 - 34% - 35% - 15:50
3 - 29% - 30% - 13:17
4 - 0% - 0% - 0:00
PP Forward
1 - 50% - 50% - 3:28
2 - 50% - 50% - 3:30
PP Defense
1 - 48% - 50% - 3:22
2 - 52% - 50% - 3:36
PK Forward
1 - 48% - 50% - 2:53
2 - 52% - 50% - 3:08
PK Defense
1 - 45% - 50% - 2:41
2 - 55% - 50% - 3:20
PK3 Forward
1 - 56% - 50% - 0:32
2 - 44% - 50% - 0:25
PK3 Defense
1 - 60% - 50% - 0:34
2 - 40% - 50% - 0:23
44 Forward
1 - 50% - 50% - 2:31
2 - 50% - 50% - 2:30
44 Defense
1 - 46% - 50% - 2:19
2 - 54% - 50% - 2:42
Last Minute Offensive - 0:00
Last Minute Defensive - 0:00
Total
Forward - 65:00
Defense - 65:00
|
Play-by-Play
1st period
0:01 of 1st period - Sam Bennett wins face-off versus Phil Kessel in neutral zone.
1:07 of 1st period - Slapshot by Sam Bennett.
1:07 of 1st period - Stopped by Olivier Rodrigue with a rebound.
1:09 of 1st period - Slapshot by Jonas Siegenthaler.
1:09 of 1st period - Stopped by Olivier Rodrigue with a rebound.
1:11 of 1st period - Slapshot by Jonas Siegenthaler.
1:11 of 1st period - Stopped by Olivier Rodrigue with a rebound.
1:13 of 1st period - Slapshot by Luke Schenn.
1:13 of 1st period - Deflect By Sam Bennett.
1:13 of 1st period - Shot Blocked by Matt Grzelcyk.
1:13 of 1st period - Puck is out of play.
1:14 of 1st period - Nicolas Roy wins face-off versus Pavel Zacha in Boston Bruins zone.
1:39 of 1st period - Sean Durzi is hit by Mario Ferraro.
1:47 of 1st period - Wrist shot by Adam Henrique.
1:47 of 1st period - Shot Misses the Net.
2:44 of 1st period - Snap shot by Andrew Mangiapane.
2:44 of 1st period - Stopped by Olivier Rodrigue without a rebound.
2:45 of 1st period - Adam Henrique wins face-off versus Pavel Zacha in Boston Bruins zone.
3:10 of 1st period - Samuel Girard is hit by Luke Schenn and loses puck.
3:23 of 1st period - Snap shot by Troy Terry.
3:23 of 1st period - Stopped by Olivier Rodrigue without a rebound.
3:24 of 1st period - Vincent Trocheck wins face-off versus Sam Bennett in Boston Bruins zone.
4:52 of 1st period - Wrist shot by Brady Tkachuk.
4:52 of 1st period - Shot Blocked by Sean Durzi.
5:29 of 1st period - Snap shot by Vincent Trocheck.
5:29 of 1st period - Shot Misses the Net.
5:31 of 1st period - Snap shot by Brandon Hagel.
5:31 of 1st period - Stopped by James Reimer with a rebound.
5:33 of 1st period - Wrist shot by Vincent Trocheck.
5:33 of 1st period - Stopped by James Reimer with a rebound.
5:35 of 1st period - Slapshot by Charlie McAvoy.
5:35 of 1st period - Stopped by James Reimer with a rebound.
5:37 of 1st period - Snap shot by Phil Kessel.
5:37 of 1st period - Stopped by James Reimer without a rebound.
5:38 of 1st period - Sam Bennett wins face-off versus Pavel Zacha in Toronto Maple Leafs zone.
6:03 of 1st period - Andrew Mangiapane is hit by Brandon Hagel and loses puck.
6:29 of 1st period - Slapshot by Charlie McAvoy.
6:29 of 1st period - Stopped by James Reimer with a rebound.
6:43 of 1st period - Charlie McAvoy is hit by Pierre Engvall and loses puck.
6:52 of 1st period - Wrist shot by Craig Smith.
6:52 of 1st period - Stopped by Olivier Rodrigue with a rebound.
7:06 of 1st period - Snap shot by Josh Bailey.
7:06 of 1st period - Shot Misses the Net.
7:08 of 1st period - Slapshot by Luke Schenn.
7:08 of 1st period - Shot Misses the Net.
7:22 of 1st period - Snap shot by Vincent Trocheck.
7:22 of 1st period - Stopped by James Reimer without a rebound.
7:23 of 1st period - Adam Henrique wins face-off versus Vincent Trocheck in Toronto Maple Leafs zone.
7:48 of 1st period - Brock McGinn is hit by Brady Tkachuk and loses puck.
8:05 of 1st period - Minor Penalty to Sean Durzi for Interference.
8:06 of 1st period - Vincent Trocheck wins face-off versus Sam Bennett in Boston Bruins zone.
8:21 of 1st period - Joel Farabee is hit by Sam Bennett and loses puck.
8:40 of 1st period - Snap shot by Trevor Zegras.
8:40 of 1st period - Stopped by Olivier Rodrigue with a rebound.
8:42 of 1st period - Wrist shot by Adam Henrique.
8:42 of 1st period - Deflect By Andrew Mangiapane.
8:42 of 1st period - Shot Misses the Net.
8:42 of 1st period - Puck is out of play.
8:43 of 1st period - Vincent Trocheck wins face-off versus Sam Bennett in Boston Bruins zone.
10:05 of 1st period - Penalty to Sean Durzi is over, Sean Durzi is back on ice.
11:01 of 1st period - Minor Penalty to Luke Schenn for Slashing.
11:02 of 1st period - Scott Laughton wins face-off versus Ryan Donato in Toronto Maple Leafs zone.
11:11 of 1st period - Wrist shot by Scott Laughton.
11:11 of 1st period - Deflect By Andrew Mangiapane.
11:11 of 1st period - Shot Blocked by Sean Durzi.
11:11 of 1st period - Puck is out of play.
11:12 of 1st period - Joonas Donskoi wins face-off versus Scott Laughton in Boston Bruins zone.
11:21 of 1st period - Snap shot by Ryan Donato.
11:21 of 1st period - Stopped by James Reimer with a rebound.
11:52 of 1st period - Snap shot by Scott Laughton.
11:52 of 1st period - Stopped by Olivier Rodrigue with a rebound.
11:56 of 1st period - Snap shot by Andrew Mangiapane.
11:56 of 1st period - Stopped by Olivier Rodrigue with a rebound.
11:58 of 1st period - Slapshot by Cody Ceci.
11:58 of 1st period - Stopped by Olivier Rodrigue with a rebound.
12:00 of 1st period - Slapshot by Cody Ceci.
12:00 of 1st period - Deflect By Joel Farabee.
12:00 of 1st period - Stopped by Olivier Rodrigue with a rebound.
12:02 of 1st period - Wrist shot by Mario Ferraro.
12:02 of 1st period - Stopped by Olivier Rodrigue without a rebound.
12:02 of 1st period - Minor Penalty to Olivier Rodrigue for Slashing.
12:03 of 1st period - Vincent Trocheck wins face-off versus Adam Henrique in Boston Bruins zone.
12:16 of 1st period - Wrist shot by Vincent Trocheck.
12:16 of 1st period - Deflect By Phil Kessel.
12:16 of 1st period - Shot Misses the Net.
12:16 of 1st period - Puck is out of play.
12:17 of 1st period - Pavel Zacha wins face-off versus Adam Henrique in Toronto Maple Leafs zone.
12:18 of 1st period - Slapshot by Sean Durzi.
12:18 of 1st period - Deflect By Pavel Zacha.
12:18 of 1st period - Shot Blocked by Cody Ceci.
12:18 of 1st period - Puck is out of play.
12:19 of 1st period - Adam Henrique wins face-off versus Pavel Zacha in Toronto Maple Leafs zone.
12:26 of 1st period - Snap shot by Andrew Mangiapane.
12:26 of 1st period - Shot Misses the Net.
12:34 of 1st period - Dougie Hamilton is hit by Pavel Zacha and loses puck.
13:01 of 1st period - Penalty to Luke Schenn is over, Luke Schenn is back on ice.
13:11 of 1st period - Snap shot by Andrew Mangiapane.
13:11 of 1st period - Stopped by Olivier Rodrigue with a rebound.
14:02 of 1st period - Penalty to Joel Farabee is over, Joel Farabee is back on ice.
14:43 of 1st period - Samuel Girard is hit by Pierre Engvall and loses puck.
14:52 of 1st period - Slapshot by Craig Smith.
14:52 of 1st period - Stopped by Olivier Rodrigue with a rebound.
14:54 of 1st period - Backhand shot by Jonas Siegenthaler.
14:54 of 1st period - Deflect By Nicolas Roy.
14:54 of 1st period - Shot Blocked by Danton Heinen.
14:54 of 1st period - Puck is out of play.
14:55 of 1st period - Brady Tkachuk wins face-off versus Pavel Zacha in Boston Bruins zone.
15:07 of 1st period - Icing by Pavel Zacha.
15:08 of 1st period - Sam Bennett wins face-off versus Pavel Zacha in Boston Bruins zone.
15:19 of 1st period - Wrist shot by Joel Farabee.
15:19 of 1st period - Shot Misses the Net.
15:21 of 1st period - Slapshot by Victor Mete.
15:21 of 1st period - Stopped by James Reimer with a rebound.
15:23 of 1st period - Snap shot by Joel Farabee.
15:23 of 1st period - Stopped by James Reimer with a rebound.
15:25 of 1st period - Slapshot by Joel Farabee.
15:25 of 1st period - Shot Misses the Net.
15:27 of 1st period - Slapshot by Joel Farabee.
15:27 of 1st period - Deflect By Anthony Beauvillier.
15:27 of 1st period - Shot Misses the Net.
15:27 of 1st period - Puck is out of play.
15:28 of 1st period - Adam Henrique wins face-off versus Vincent Trocheck in Toronto Maple Leafs zone.
15:33 of 1st period - Mario Ferraro is hit by Vincent Trocheck and loses puck.
15:56 of 1st period - Snap shot by Brady Tkachuk.
15:56 of 1st period - Shot Blocked by Joel Farabee.
16:16 of 1st period - Slapshot by Joonas Donskoi.
16:16 of 1st period - Shot Misses the Net.
16:18 of 1st period - Minor Penalty to Colin Miller for Hooking.
16:19 of 1st period - Vincent Trocheck wins face-off versus Scott Laughton in Toronto Maple Leafs zone.
16:20 of 1st period - Snap shot by Pavel Zacha.
16:20 of 1st period - Stopped by James Reimer without a rebound.
16:21 of 1st period - Scott Laughton wins face-off versus Vincent Trocheck in Toronto Maple Leafs zone.
16:35 of 1st period - Slapshot by Phil Kessel.
16:35 of 1st period - Stopped by James Reimer without a rebound.
16:36 of 1st period - Ryan Donato wins face-off versus Scott Laughton in Toronto Maple Leafs zone.
16:37 of 1st period - Wrist shot by Joel Farabee.
16:37 of 1st period - Stopped by James Reimer without a rebound.
16:38 of 1st period - Scott Laughton wins face-off versus Ryan Donato in Toronto Maple Leafs zone.
18:18 of 1st period - Penalty to Colin Miller is over, Colin Miller is back on ice.
18:43 of 1st period - Dougie Hamilton is hit by Brock McGinn and loses puck.
19:40 of 1st period - Snap shot by Sam Bennett.
19:40 of 1st period - Stopped by Olivier Rodrigue with a rebound.
19:52 of 1st period - Cody Ceci is hit by Joel Farabee and loses puck.
Goals for this period are 0 for Toronto Maple Leafs vs 0 for Boston Bruins.
Shots for this period are 15 for Toronto Maple Leafs vs 12 for Boston Bruins.
2nd period
0:01 of 2nd period - Vincent Trocheck wins face-off versus Sam Bennett in neutral zone.
0:04 of 2nd period - Sam Bennett is hit by Sean Durzi and loses puck.
0:09 of 2nd period - Snap shot by Phil Kessel.
0:09 of 2nd period - Stopped by James Reimer with a rebound.
0:11 of 2nd period - Snap shot by Vincent Trocheck.
0:11 of 2nd period - Shot Misses the Net.
0:13 of 2nd period - Snap shot by Phil Kessel.
0:13 of 2nd period - Stopped by James Reimer with a rebound.
0:15 of 2nd period - Slapshot by Sean Durzi.
0:15 of 2nd period - Stopped by James Reimer without a rebound.
0:16 of 2nd period - Anthony Beauvillier wins face-off versus Adam Henrique in Toronto Maple Leafs zone.
0:43 of 2nd period - Sam Bennett is hit by Tyson Barrie and loses puck.
1:03 of 2nd period - Icing by Troy Terry.
1:04 of 2nd period - Scott Laughton wins face-off versus Morgan Geekie in Toronto Maple Leafs zone.
1:50 of 2nd period - Slapshot by Dougie Hamilton.
1:50 of 2nd period - Shot Blocked by Sean Durzi.
1:52 of 2nd period - Slapshot by Troy Terry.
1:52 of 2nd period - Stopped by Olivier Rodrigue without a rebound.
1:53 of 2nd period - Phil Kessel wins face-off versus Sam Bennett in Boston Bruins zone.
2:41 of 2nd period - Off-side.
2:42 of 2nd period - Nicolas Roy wins face-off versus Ryan Donato in neutral zone.
3:10 of 2nd period - Snap shot by Brock McGinn.
3:10 of 2nd period - Stopped by James Reimer with a rebound.
3:12 of 2nd period - Snap shot by Ryan Donato.
3:12 of 2nd period - Shot Misses the Net.
3:14 of 2nd period - Snap shot by Victor Mete.
3:14 of 2nd period - Deflect By Nicolas Roy.
3:14 of 2nd period - Goal by Victor Mete - Toronto Maple Leafs : 0 - Boston Bruins : 1.
3:15 of 2nd period - Vincent Trocheck wins face-off versus Sam Bennett in neutral zone.
3:32 of 2nd period - Minor Penalty to Brady Tkachuk for Goalie Interference.
3:33 of 2nd period - Scott Laughton wins face-off versus Vincent Trocheck in Toronto Maple Leafs zone.
3:37 of 2nd period - Snap shot by Scott Laughton.
3:37 of 2nd period - Stopped by Olivier Rodrigue without a rebound.
3:38 of 2nd period - Scott Laughton wins face-off versus Vincent Trocheck in Boston Bruins zone.
3:47 of 2nd period - Snap shot by Andrew Mangiapane.
3:47 of 2nd period - Shot Misses the Net.
3:49 of 2nd period - Snap shot by Mario Ferraro.
3:49 of 2nd period - Deflect By Andrew Mangiapane.
3:49 of 2nd period - Shot Misses the Net.
3:49 of 2nd period - Puck is out of play.
3:50 of 2nd period - Scott Laughton wins face-off versus Pavel Zacha in Boston Bruins zone.
3:51 of 2nd period - Wrist shot by Andrew Mangiapane.
3:51 of 2nd period - Shot Blocked by Charlie McAvoy.
5:32 of 2nd period - Penalty to Brady Tkachuk is over, Brady Tkachuk is back on ice.
5:48 of 2nd period - Snap shot by Brady Tkachuk.
5:48 of 2nd period - Stopped by Olivier Rodrigue with a rebound.
6:08 of 2nd period - Wrist shot by Joel Farabee.
6:08 of 2nd period - Goal by Joel Farabee - Toronto Maple Leafs : 0 - Boston Bruins : 2.
6:09 of 2nd period - Brady Tkachuk wins face-off versus Anthony Beauvillier in neutral zone.
6:24 of 2nd period - Snap shot by Brady Tkachuk.
6:24 of 2nd period - Shot Blocked by Tyson Barrie.
6:30 of 2nd period - Minor Penalty to Sean Durzi for Hooking.
6:31 of 2nd period - Vincent Trocheck wins face-off versus Sam Bennett in Boston Bruins zone.
6:44 of 2nd period - Snap shot by Sam Bennett.
6:44 of 2nd period - Shot Blocked by Charlie McAvoy.
7:31 of 2nd period - Icing by Sam Bennett.
7:32 of 2nd period - Vincent Trocheck wins face-off versus Sam Bennett in Toronto Maple Leafs zone.
7:49 of 2nd period - Wrist shot by Adam Henrique.
7:49 of 2nd period - Stopped by Olivier Rodrigue with a rebound.
7:51 of 2nd period - Slapshot by Cody Ceci.
7:51 of 2nd period - Shot Blocked by Charlie McAvoy.
8:17 of 2nd period - Phil Kessel is hit by Jonas Siegenthaler.
8:30 of 2nd period - Penalty to Sean Durzi is over, Sean Durzi is back on ice.
9:07 of 2nd period - Slapshot by Tyson Barrie.
9:07 of 2nd period - Stopped by James Reimer with a rebound.
9:41 of 2nd period - Nicolas Roy is hit by Samuel Girard.
10:21 of 2nd period - Morgan Geekie is hit by Troy Terry.
10:25 of 2nd period - Snap shot by Troy Terry.
10:25 of 2nd period - Stopped by Olivier Rodrigue with a rebound.
10:41 of 2nd period - Slapshot by Trevor Zegras.
10:41 of 2nd period - Shot Hit the Post.
10:43 of 2nd period - Wrist shot by Craig Smith.
10:43 of 2nd period - Shot Blocked by Sean Durzi.
10:45 of 2nd period - Wrist shot by Pierre Engvall.
10:45 of 2nd period - Stopped by Olivier Rodrigue with a rebound.
10:59 of 2nd period - Colin Miller is hit by Vincent Trocheck and loses puck.
11:08 of 2nd period - Vincent Trocheck is hit by Andrew Mangiapane and loses puck.
11:23 of 2nd period - Anthony Beauvillier is hit by Sam Bennett and loses puck.
11:54 of 2nd period - Minor Penalty to Luke Schenn for Charging.
11:55 of 2nd period - Scott Laughton wins face-off versus Vincent Trocheck in Toronto Maple Leafs zone.
12:24 of 2nd period - Slapshot by Tyson Barrie.
12:24 of 2nd period - Deflect By Joel Farabee.
12:24 of 2nd period - Stopped by James Reimer without a rebound.
12:25 of 2nd period - Pierre Engvall wins face-off versus Ryan Donato in Toronto Maple Leafs zone.
12:36 of 2nd period - Snap shot by Nicolas Roy.
12:36 of 2nd period - Shot Misses the Net.
12:42 of 2nd period - Nicolas Roy is hit by Samuel Girard and loses puck.
13:01 of 2nd period - Wrist shot by Pavel Zacha.
13:01 of 2nd period - Stopped by James Reimer without a rebound.
13:02 of 2nd period - Scott Laughton wins face-off versus Vincent Trocheck in Toronto Maple Leafs zone.
13:37 of 2nd period - Slapshot by Andrew Mangiapane.
13:37 of 2nd period - Shot Misses the Net.
13:50 of 2nd period - Off-side.
13:51 of 2nd period - Nicolas Roy wins face-off versus Vincent Trocheck in neutral zone.
13:54 of 2nd period - Penalty to Luke Schenn is over, Luke Schenn is back on ice.
14:12 of 2nd period - Luke Schenn is hit by Morgan Geekie and loses puck.
14:19 of 2nd period - Snap shot by Danton Heinen.
14:19 of 2nd period - Stopped by James Reimer without a rebound.
14:20 of 2nd period - Pavel Zacha wins face-off versus Sam Bennett in Toronto Maple Leafs zone.
14:53 of 2nd period - Slapshot by Vincent Trocheck.
14:53 of 2nd period - Shot Blocked by Cody Ceci.
14:55 of 2nd period - Wrist shot by Phil Kessel.
14:55 of 2nd period - Shot Misses the Net.
15:02 of 2nd period - Icing by Adam Henrique.
15:03 of 2nd period - Scott Laughton wins face-off versus Ryan Donato in Toronto Maple Leafs zone.
15:10 of 2nd period - Snap shot by Trevor Zegras.
15:10 of 2nd period - Stopped by Olivier Rodrigue with a rebound.
15:12 of 2nd period - Snap shot by Cody Ceci.
15:12 of 2nd period - Shot Blocked by Sean Durzi.
15:14 of 2nd period - Wrist shot by Scott Laughton.
15:14 of 2nd period - Stopped by Olivier Rodrigue without a rebound.
15:15 of 2nd period - Sam Bennett wins face-off versus Vincent Trocheck in Boston Bruins zone.
15:23 of 2nd period - Slapshot by Phil Kessel.
15:23 of 2nd period - Stopped by James Reimer without a rebound.
15:24 of 2nd period - Vincent Trocheck wins face-off versus Sam Bennett in Toronto Maple Leafs zone.
15:37 of 2nd period - Wrist shot by Josh Bailey.
15:37 of 2nd period - Shot Misses the Net.
15:54 of 2nd period - Icing by Brandon Hagel.
15:55 of 2nd period - Adam Henrique wins face-off versus Vincent Trocheck in Boston Bruins zone.
15:56 of 2nd period - Snap shot by Kyle Okposo.
15:56 of 2nd period - Stopped by Olivier Rodrigue with a rebound.
15:58 of 2nd period - Snap shot by Kyle Okposo.
15:58 of 2nd period - Stopped by Olivier Rodrigue without a rebound.
15:59 of 2nd period - Pavel Zacha wins face-off versus Andrew Mangiapane in Boston Bruins zone.
16:24 of 2nd period - Brady Tkachuk is hit by Vincent Trocheck and loses puck.
16:53 of 2nd period - Snap shot by Brady Tkachuk.
16:53 of 2nd period - Goal by Brady Tkachuk - Toronto Maple Leafs : 1 - Boston Bruins : 2.
16:54 of 2nd period - Adam Henrique wins face-off versus Pavel Zacha in neutral zone.
17:24 of 2nd period - Off-side.
17:25 of 2nd period - Vincent Trocheck wins face-off versus Sam Bennett in neutral zone.
17:38 of 2nd period - Wrist shot by Vincent Trocheck.
17:38 of 2nd period - Stopped by James Reimer without a rebound.
17:39 of 2nd period - Sam Bennett wins face-off versus Pavel Zacha in Toronto Maple Leafs zone.
17:49 of 2nd period - Icing by Joel Farabee.
17:50 of 2nd period - Pavel Zacha wins face-off versus Josh Bailey in Boston Bruins zone.
18:05 of 2nd period - Slapshot by Mario Ferraro.
18:05 of 2nd period - Stopped by Olivier Rodrigue without a rebound.
18:06 of 2nd period - Adam Henrique wins face-off versus Ryan Donato in Boston Bruins zone.
18:07 of 2nd period - Snap shot by Kyle Okposo.
18:07 of 2nd period - Shot Blocked by Samuel Girard.
18:31 of 2nd period - Joel Farabee is hit by Dougie Hamilton.
18:34 of 2nd period - Off-side.
18:35 of 2nd period - Sam Bennett wins face-off versus Joel Farabee in neutral zone.
18:44 of 2nd period - Snap shot by Sam Bennett.
18:44 of 2nd period - Deflect By Josh Bailey.
18:44 of 2nd period - Stopped by Olivier Rodrigue with a rebound.
18:54 of 2nd period - Slapshot by Brady Tkachuk.
18:54 of 2nd period - Shot Blocked by Victor Mete.
18:56 of 2nd period - Snap shot by Sam Bennett.
18:56 of 2nd period - Shot Blocked by Pavel Zacha.
18:58 of 2nd period - Snap shot by Josh Bailey.
18:58 of 2nd period - Shot Misses the Net.
19:00 of 2nd period - Snap shot by Colin Miller.
19:00 of 2nd period - Stopped by Olivier Rodrigue with a rebound.
19:02 of 2nd period - Backhand shot by Colin Miller.
19:02 of 2nd period - Stopped by Olivier Rodrigue with a rebound.
19:04 of 2nd period - Wrist shot by Sam Bennett.
19:04 of 2nd period - Shot Blocked by Anthony Beauvillier.
19:06 of 2nd period - Snap shot by Cody Ceci.
19:06 of 2nd period - Deflect By Pavel Zacha.
19:06 of 2nd period - Stopped by Olivier Rodrigue without a rebound.
19:07 of 2nd period - Andrew Mangiapane wins face-off versus Vincent Trocheck in Boston Bruins zone.
19:16 of 2nd period - Slapshot by Kyle Okposo.
19:16 of 2nd period - Stopped by Olivier Rodrigue with a rebound.
19:22 of 2nd period - Slapshot by Kyle Okposo.
19:22 of 2nd period - Stopped by Olivier Rodrigue with a rebound.
19:32 of 2nd period - Dougie Hamilton is hit by Ryan Donato.
Goals for this period are 1 for Toronto Maple Leafs vs 2 for Boston Bruins.
Shots for this period are 18 for Toronto Maple Leafs vs 12 for Boston Bruins.
3rd period
0:01 of 3rd period - Vincent Trocheck wins face-off versus Sam Bennett in neutral zone.
0:10 of 3rd period - Snap shot by Phil Kessel.
0:10 of 3rd period - Stopped by James Reimer with a rebound.
0:28 of 3rd period - Slapshot by Joel Farabee.
0:28 of 3rd period - Stopped by James Reimer with a rebound.
0:39 of 3rd period - Matt Grzelcyk is hit by Kyle Okposo and loses puck.
1:17 of 3rd period - Slapshot by Joonas Donskoi.
1:17 of 3rd period - Stopped by James Reimer with a rebound.
2:34 of 3rd period - Phil Kessel is hit by Dougie Hamilton and loses puck.
2:50 of 3rd period - Off-side.
2:51 of 3rd period - Morgan Geekie wins face-off versus Nicolas Roy in neutral zone.
3:45 of 3rd period - Dougie Hamilton is hit by Charlie McAvoy and loses puck.
4:04 of 3rd period - Wrist shot by Joonas Donskoi.
4:04 of 3rd period - Stopped by James Reimer with a rebound.
4:06 of 3rd period - Snap shot by Brock McGinn.
4:06 of 3rd period - Stopped by James Reimer without a rebound.
4:07 of 3rd period - Vincent Trocheck wins face-off versus Sam Bennett in Toronto Maple Leafs zone.
4:20 of 3rd period - Wrist shot by Brady Tkachuk.
4:20 of 3rd period - Goal by Brady Tkachuk - Toronto Maple Leafs : 2 - Boston Bruins : 2.
4:21 of 3rd period - Josh Bailey wins face-off versus Pavel Zacha in neutral zone.
4:29 of 3rd period - Penalty Shot by Charlie McAvoy for Boston Bruins.
4:29 of 3rd period - Backhand shot by Charlie McAvoy.
4:29 of 3rd period - Stopped by James Reimer.
4:30 of 3rd period - Sam Bennett wins face-off versus Ryan Donato in Boston Bruins zone.
5:34 of 3rd period - Mason Appleton is hit by Pierre Engvall and loses puck.
5:39 of 3rd period - Snap shot by Craig Smith.
5:39 of 3rd period - Stopped by Olivier Rodrigue without a rebound.
5:40 of 3rd period - Pavel Zacha wins face-off versus Josh Bailey in Boston Bruins zone.
6:07 of 3rd period - Brandon Hagel is hit by Andrew Mangiapane and loses puck.
6:20 of 3rd period - Wrist shot by Kyle Okposo.
6:20 of 3rd period - Shot Misses the Net.
7:01 of 3rd period - Wrist shot by Vincent Trocheck.
7:01 of 3rd period - Shot Blocked by Trevor Zegras.
7:03 of 3rd period - Wrist shot by Brandon Hagel.
7:03 of 3rd period - Shot Blocked by Colin Miller.
7:05 of 3rd period - Snap shot by Brandon Hagel.
7:05 of 3rd period - Goal by Brandon Hagel - Toronto Maple Leafs : 2 - Boston Bruins : 3.
7:06 of 3rd period - Sam Bennett wins face-off versus Ryan Donato in neutral zone.
7:09 of 3rd period - Sean Durzi is hit by Dougie Hamilton and loses puck.
7:39 of 3rd period - Wrist shot by Joel Farabee.
7:39 of 3rd period - Stopped by James Reimer with a rebound.
8:24 of 3rd period - Snap shot by Nicolas Roy.
8:24 of 3rd period - Stopped by Olivier Rodrigue with a rebound.
8:26 of 3rd period - Snap shot by Pierre Engvall.
8:26 of 3rd period - Shot Misses the Net.
8:55 of 3rd period - Sean Durzi is hit by Luke Schenn and loses puck.
9:20 of 3rd period - Slapshot by Jonas Siegenthaler.
9:20 of 3rd period - Shot Misses the Net.
9:22 of 3rd period - Slapshot by Jonas Siegenthaler.
9:22 of 3rd period - Shot Blocked by Samuel Girard.
9:24 of 3rd period - Wrist shot by Troy Terry.
9:24 of 3rd period - Goal by Troy Terry - Toronto Maple Leafs : 3 - Boston Bruins : 3.
9:25 of 3rd period - Sam Bennett wins face-off versus Ryan Donato in neutral zone.
10:19 of 3rd period - Snap shot by Trevor Zegras.
10:19 of 3rd period - Stopped by Olivier Rodrigue without a rebound.
10:20 of 3rd period - Sam Bennett wins face-off versus Ryan Donato in Boston Bruins zone.
10:45 of 3rd period - Cody Ceci is hit by Joel Farabee and loses puck.
10:56 of 3rd period - Sean Durzi is hit by Jonas Siegenthaler and loses puck.
11:31 of 3rd period - Snap shot by Charlie McAvoy.
11:31 of 3rd period - Stopped by James Reimer without a rebound.
11:32 of 3rd period - Sam Bennett wins face-off versus Ryan Donato in Toronto Maple Leafs zone.
12:06 of 3rd period - Snap shot by Adam Henrique.
12:06 of 3rd period - Stopped by Olivier Rodrigue with a rebound.
12:08 of 3rd period - Snap shot by Andrew Mangiapane.
12:08 of 3rd period - Stopped by Olivier Rodrigue with a rebound.
12:10 of 3rd period - Slapshot by Mario Ferraro.
12:10 of 3rd period - Stopped by Olivier Rodrigue without a rebound.
12:11 of 3rd period - Scott Laughton wins face-off versus Vincent Trocheck in Boston Bruins zone.
12:37 of 3rd period - Brady Tkachuk is hit by Pavel Zacha and loses puck.
13:11 of 3rd period - Wrist shot by Adam Henrique.
13:11 of 3rd period - Stopped by Olivier Rodrigue with a rebound.
14:22 of 3rd period - Mario Ferraro is hit by Anthony Beauvillier and loses puck.
14:41 of 3rd period - Morgan Geekie is hit by Troy Terry and loses puck.
15:06 of 3rd period - Wrist shot by Vincent Trocheck.
15:06 of 3rd period - Deflect By Phil Kessel.
15:06 of 3rd period - Shot Misses the Net.
15:06 of 3rd period - Puck is out of play.
15:07 of 3rd period - Troy Terry wins face-off versus Phil Kessel in Toronto Maple Leafs zone.
15:45 of 3rd period - Slapshot by Danton Heinen.
15:45 of 3rd period - Stopped by James Reimer with a rebound.
17:07 of 3rd period - Snap shot by Morgan Geekie.
17:07 of 3rd period - Stopped by James Reimer without a rebound.
17:08 of 3rd period - Trevor Zegras wins face-off versus Ryan Donato in Toronto Maple Leafs zone.
17:58 of 3rd period - Snap shot by Pavel Zacha.
17:58 of 3rd period - Deflect By Joel Farabee.
17:58 of 3rd period - Shot Misses the Net.
17:58 of 3rd period - Puck is out of play.
17:59 of 3rd period - Adam Henrique wins face-off versus Pavel Zacha in Toronto Maple Leafs zone.
18:06 of 3rd period - Wrist shot by Andrew Mangiapane.
18:06 of 3rd period - Shot Blocked by Charlie McAvoy.
18:08 of 3rd period - Wrist shot by Adam Henrique.
18:08 of 3rd period - Stopped by Olivier Rodrigue with a rebound.
18:38 of 3rd period - Wrist shot by Andrew Mangiapane.
18:38 of 3rd period - Stopped by Olivier Rodrigue with a rebound.
18:48 of 3rd period - Snap shot by Kyle Okposo.
18:48 of 3rd period - Shot Misses the Net.
18:50 of 3rd period - Slapshot by Kyle Okposo.
18:50 of 3rd period - Stopped by Olivier Rodrigue with a rebound.
18:52 of 3rd period - Slapshot by Dougie Hamilton.
18:52 of 3rd period - Shot Misses the Net.
18:54 of 3rd period - Snap shot by Kyle Okposo.
18:54 of 3rd period - Deflect By Adam Henrique.
18:54 of 3rd period - Shot Blocked by Samuel Girard.
18:54 of 3rd period - Puck is out of play.
18:55 of 3rd period - Ryan Donato wins face-off versus Scott Laughton in Boston Bruins zone.
18:57 of 3rd period - Minor Penalty to Ryan Donato for Roughing.
18:58 of 3rd period - Vincent Trocheck wins face-off versus Troy Terry in Boston Bruins zone.
Goals for this period are 2 for Toronto Maple Leafs vs 1 for Boston Bruins.
Shots for this period are 12 for Toronto Maple Leafs vs 10 for Boston Bruins.
Overtime #1
0:01 of 1st overtime period - Vincent Trocheck wins face-off versus Adam Henrique in neutral zone.
0:06 of 1st overtime period - Backhand shot by Vincent Trocheck.
0:06 of 1st overtime period - Shot Blocked by Dougie Hamilton.
0:16 of 1st overtime period - Wrist shot by Andrew Mangiapane.
0:16 of 1st overtime period - Deflect By Adam Henrique.
0:16 of 1st overtime period - Shot Misses the Net.
0:16 of 1st overtime period - Puck is out of play.
0:17 of 1st overtime period - Adam Henrique wins face-off versus Phil Kessel in Boston Bruins zone.
0:40 of 1st overtime period - Slapshot by Tyson Barrie.
0:40 of 1st overtime period - Shot Misses the Net.
0:57 of 1st overtime period - Penalty to Ryan Donato is over, Ryan Donato is back on ice.
1:28 of 1st overtime period - Snap shot by Vincent Trocheck.
1:28 of 1st overtime period - Shot Misses the Net.
1:34 of 1st overtime period - Tyson Barrie is hit by Adam Henrique and loses puck.
1:45 of 1st overtime period - Sam Bennett is hit by Pavel Zacha and loses puck.
2:13 of 1st overtime period - Sean Durzi is hit by Dougie Hamilton.
2:40 of 1st overtime period - Samuel Girard is hit by Luke Schenn and loses puck.
2:48 of 1st overtime period - Andrew Mangiapane is hit by Joel Farabee and loses puck.
3:16 of 1st overtime period - Craig Smith is hit by Sean Durzi and loses puck.
3:39 of 1st overtime period - Ryan Donato is hit by Brady Tkachuk and loses puck.
4:31 of 1st overtime period - Joel Farabee is hit by Sam Bennett and loses puck.
4:54 of 1st overtime period - Samuel Girard is hit by Jonas Siegenthaler and loses puck.
Goals for this period are 0 for Toronto Maple Leafs vs 0 for Boston Bruins.
Shots for this period are 0 for Toronto Maple Leafs vs 0 for Boston Bruins.
ShootOut
5:00 of 1st overtime period - Round #1.
5:00 of 1st overtime period - Toronto Maple Leafs, Trevor Zegras.
5:00 of 1st overtime period - Deke by Trevor Zegras.
5:00 of 1st overtime period - Goal by Trevor Zegras.
5:00 of 1st overtime period - Boston Bruins, Vincent Trocheck.
5:00 of 1st overtime period - Deke by Vincent Trocheck.
5:00 of 1st overtime period - Stopped by James Reimer.
5:00 of 1st overtime period - Round #2.
5:00 of 1st overtime period - Toronto Maple Leafs, Andrew Mangiapane.
5:00 of 1st overtime period - Wrist shot by Andrew Mangiapane.
5:00 of 1st overtime period - Stopped by Olivier Rodrigue.
5:00 of 1st overtime period - Boston Bruins, Phil Kessel.
5:00 of 1st overtime period - Deke by Phil Kessel.
5:00 of 1st overtime period - Stopped by James Reimer.
5:00 of 1st overtime period - Round #3.
5:00 of 1st overtime period - Toronto Maple Leafs, Nicolas Roy.
5:00 of 1st overtime period - Snap shot by Nicolas Roy.
5:00 of 1st overtime period - Shot Misses the Net.
5:00 of 1st overtime period - Boston Bruins, Pavel Zacha.
5:00 of 1st overtime period - Wrist shot by Pavel Zacha.
5:00 of 1st overtime period - Stopped by James Reimer.
Back to the Top